 Dungeon Crawl Stone Soup version 0.30.1-11-g7821555f0a (webtiles) character file.

Game seed: 8295554009829898098

8168 jfcaron the Frost Mage (level 11, -4/82 HPs)
             Began as a Gnoll Ice Elementalist on Nov 24, 2023.
             Was the Champion of Jiyva.
             Engulfed by an ice statue's freezing vapour (29 damage)
             ... in an ice cave on Dec 5, 2023.
             The game lasted 00:25:07 (7039 turns).

jfcaron the Frost Mage (Gnoll Ice Elementalist)     Turns: 7039, Time: 00:25:08

Health: -4/82      AC: 11    Str: 11    XL:     11   Next: 26%
Magic:  31/32      EV: 12    Int: 20    God:    Jiyva [******]
Gold:   371        SH: 11    Dex: 12    Spells: 12/26 levels left

rFire   . . .        G - +1 spear "Rufrahoc" {flame, rPois}
rCold   . . .        k - +0 buckler
rNeg    . . .        A - +5 ring mail "Unoces" {Int+2}
rPois   +            M - +0 helmet
rElec   .            (no cloak)
rCorr   +            J - +0 pair of gloves
SInv    .            (boots unavailable)
Will    .....        (no amulet)
Stlth   +++          n - ring of magical power
HPRegen 1.93/turn    c - ring of poison resistance
MPRegen 0.73/turn

%: no passive effects
@: no status effects
A: fangs 1, strong nose, distributed training, talons 3, large bone plates 2,
strong 1, acidic bite, pseudopods 1
a: Renounce Religion, Oozemancy, Slimify


You were in an ice cave.
You worshipped Jiyva.
Jiyva was exalted by your worship.
You visited 1 branch of the dungeon, and saw 11 of its levels.
You also visited: Bailey and Ice Cave.

You collected 371 gold pieces.

Inventory:

Hand Weapons
 m - a +1 vampiric rapier
   (You found it on level 3 of the Dungeon)
 q - a +2 dagger of venom
   (You took it off an orc on level 5 of the Dungeon)
 w - a +2 long sword of holy wrath
   (You took it off a gnoll bouda on level 8 of the Dungeon)
 G - the +1 spear "Rufrahoc" (weapon) {flame, rPois}
   (You took it off an orc on level 9 of the Dungeon)

   rPois:     It protects you from poison.
 I - a +2 heavy sling
   (You took it off Joseph on level 9 of the Dungeon)
Missiles
 f - 14 stones (quivered)
 t - 9 poisoned darts
 y - 2 boomerangs of dispersal {!f}
 C - 14 boomerangs
 D - 2 curare-tipped darts {!f}
Armour
 e - a +1 pair of boots
 k - a +0 buckler (worn)
 x - a +0 ring mail of willpower
   (You took it off an orc on level 7 of the Dungeon)
 A - the +5 ring mail "Unoces" (worn) {Int+2}
   (You found it on level 8 of the Dungeon)

   Int:       It affects your intelligence (+2).
 J - a +0 pair of gloves (worn)
 L - a +0 troll leather armour
 M - a +0 helmet (worn)
Jewellery
 c - a ring of poison resistance (right hand)
 i - the ring "Dupnicro" {rN+ rCorr Int-5 Slay+4}
   (You found it on level 10 of the Dungeon)

   [ring of slaying]

   Int:       It affects your intelligence (-5).
   Slay:      It affects your accuracy & damage with ranged weapons and melee
   (+4).
   rN:        It protects you from negative energy.
   rCorr:     It protects you from acid and corrosion.
 n - a ring of magical power (left hand)
 s - a ring of willpower
   (You found it on level 3 of the Dungeon)
 H - a ring of wizardry
   (You took it off an orc on level 9 of the Dungeon)
Wands
 l - a wand of digging (5)
Scrolls
 h - 5 scrolls of teleportation
 B - a scroll of fear
Potions
 a - a potion of might {unknown}
 b - 3 potions of magic
 d - 5 potions of curing {unknown}
 g - a potion of heal wounds
 j - 2 potions of cancellation {unknown}
 o - a potion of ambrosia {unknown}
 p - a potion of degeneration {unknown}
 F - a potion of flight {unknown}
Miscellaneous
 E - a phial of floods
   (You found it in a bailey)


   Skills:
 + Level 6.3 Fighting
 + Level 6.3 Short Blades
 + Level 6.3 Long Blades
 + Level 6.3 Axes
 + Level 6.3 Maces & Flails
 + Level 6.3 Polearms
 + Level 6.3 Staves
 + Level 6.3 Ranged Weapons
 + Level 6.3 Throwing
 + Level 6.3 Armour
 + Level 7.9 Dodging
 + Level 7.7 Stealth
 + Level 6.3 Shields
 + Level 6.3 Unarmed Combat
 + Level 8.2 Spellcasting
 + Level 5.2 Conjurations
 + Level 5.2 Hexes
 + Level 5.2 Summonings
 + Level 5.2 Necromancy
 + Level 5.2 Translocations
 + Level 5.2 Transmutations
 + Level 5.2 Fire Magic
 + Level 9.0 Ice Magic
 + Level 5.2 Air Magic
 + Level 5.2 Earth Magic
 + Level 5.2 Poison Magic
 + Level 7.0 Invocations
 + Level 6.3 Evocations


You had 12 spell levels left.
You knew the following spells:

 Your Spells              Type           Power      Damage    Failure   Level
a - Freeze                Ice            100%       1d10      1%          1
b - Frozen Ramparts       Ice            88%        1d14      1%          3
c - Ozocubu's Armour      Ice            44%        N/A       1%          3
d - Summon Ice Beast      Ice/Summ       36%        N/A       13%         4
e - Summon Guardian Gole  Hex/Summ       29%        N/A       9%          3

Your spell library contained the following spells:

 Spells                   Type           Power      Damage    Failure   Level
 Summon Small Mammal      Summ           100%       N/A       2%          1
 Call Canine Familiar     Summ           29%        N/A       9%          3


Dungeon Overview and Level Annotations

Branches:
Dungeon (11/15)            Temple (0/1) D:7            Lair (0/5) D:11
 Bailey (visited)           IceCv (1/1)
    Orc: D:9-12

Altars:
Elyvilon
Hepliaklqana
Nemelex Xobeh
Okawaru
Qazlal
Jiyva

Annotations:
IceCv exclusion: 2 ice statues


Innate Abilities, Weirdness & Mutations

You have very sharp teeth.
Your uncanny sense of smell can sniff out nearby items.
Your experience applies equally to all skills.
You have claws for feet.
You are mostly covered in large bone plates. (SH +6)
Your muscles are strong. (Str +4, Int/Dex -1)
You have acidic saliva.
Armour fits poorly on your pseudopods.


Message History

Unknown command.
You hit the ice statue but do no damage.
You claw the ice statue, but do no damage.
You bludgeon the ice statue, but do no damage.
You hit the ice statue but do no damage.
You bludgeon the ice statue, but do no damage.
Your ice beast hits the ice beast but does no damage.
The ice beast barely misses your quicksilver ooze.
Your quicksilver ooze hits the ice beast!
Your quicksilver ooze engulfs the ice beast!
Your quicksilver ooze hits the ice beast.
You hit the ice statue but do no damage.
You claw the ice statue.
You bludgeon the ice statue, but do no damage.
The ice statue is lightly damaged.
Your quicksilver ooze hits the ice beast!!
The ice beast dies!
The ice beast disappears in a puff of smoke!
Your rockslime hits the ice statue! The ice statue gestures at you.
The freezing blast engulfs you.
You hit the ice statue but do no damage.
You claw the ice statue, but do no damage.
The ice statue is lightly damaged.
You are engulfed in freezing vapours.
Your quicksilver ooze dissolves into a puddle of slime!
Your guardian golem is engulfed in freezing vapours.
Your rockslime hits the ice statue!!
The ice statue gestures.
You hit the ice statue but do no damage.
You claw the ice statue. You bite the ice statue.
The acid corrodes the ice statue!
The ice statue is severely damaged.
You are engulfed in freezing vapours.
* * * LOW HITPOINT WARNING * * *
Your guardian golem is engulfed in freezing vapours.
Your rockslime is engulfed in freezing vapours.
Your rockslime hits the ice statue but does no damage.
You are engulfed in freezing vapours.
You die...

##...## ##...#
##..# ##..##
#..## ##..####
#8#...Y#8##
#......°9°J##
........Y☼@○.#
........☼.....#
...............#
...............#
..............##
#...........##
##........##
###....###


You could see 2 ice statues, an ice beast (summoned), a friendly rockslime
(summoned, sheltered), a friendly guardian golem (summoned) and a friendly ice
beast (summoned, sheltered).

Vanquished Creatures
  A two-headed ogre (D:8)
  Joseph (D:9)
  A rime drake (IceCv)
  2 ice devils (D:11)
  A troll (D:10)
  2 shadows
  5 yaks (D:10)
  A wraith (D:11)
  Eustachio (D:6)
  Menkaure (D:7)
  A steam dragon (D:9)
  2 acid dragons
  4 water moccasins
  2 black bears
  2 ice beasts
  8 orc warriors
  An ogre (D:5)
  3 centaurs
  4 phantoms
  6 kobold brigands
  2 scorpions
  2 bullfrogs
  14 wights
  9 killer bees
  3 lindwurm simulacra (IceCv)
  4 howler monkeys
  7 crimson imps (D:10)
  17 jellies
  2 hounds
  5 orc priests
  A gnoll bouda (D:8)
  3 iguanas
  13 orc wizards
  An acid dragon simulacrum (IceCv)
  11 gnolls
  7 adders
  A shadow imp (D:5)
  2 white imps (D:10)
  An ufetubus (D:7)
  2 steam dragon simulacra (IceCv)
  3 worms
  2 dart slugs
  29 orcs
  An endoplasm (D:1)
  3 giant cockroaches
  8 goblins
  6 hobgoblins
  2 quokkas
  4 ball pythons
  2 bats
  3 frilled lizards
  18 kobolds
  3 rats
240 creatures vanquished.

Notes
Turn   | Place    | Note
-------+----------+-------------------------------------------
     0 | D:1      | jfcaron the Gnoll Ice Elementalist began the quest for the
                  | Orb.
     0 | D:1      | Reached XP level 1. HP: 13/13 MP: 6/6
   333 | D:1      | Reached XP level 2. HP: 19/19 MP: 5/7
   490 | D:1      | Found a faded altar of an unknown god.
   496 | D:1      | Prayed at the altar of an unknown god.
   496 | D:1      | Became a worshipper of Jiyva Juytasch the Shapeless
   496 | D:1      | Reached * piety under Jiyva
   798 | D:1      | Reached ** piety under Jiyva
  1038 | D:2      | Reached skill level 5 in Spellcasting
  1038 | D:2      | Reached XP level 3. HP: 23/25 MP: 6/9
  1042 | D:2      | Learned a level 3 spell: Frozen Ramparts
  1046 | D:2      | Learned a level 3 spell: Ozocubu's Armour
  1154 | D:2      | Reached skill level 1 in Invocations
  1569 | D:3      | Reached skill level 1 in Fighting
  1569 | D:3      | Reached skill level 1 in Short Blades
  1569 | D:3      | Reached skill level 1 in Long Blades
  1569 | D:3      | Reached skill level 1 in Axes
  1569 | D:3      | Reached skill level 1 in Maces & Flails
  1569 | D:3      | Reached skill level 1 in Polearms
  1569 | D:3      | Reached skill level 1 in Staves
  1569 | D:3      | Reached skill level 1 in Ranged Weapons
  1569 | D:3      | Reached skill level 1 in Throwing
  1569 | D:3      | Reached skill level 1 in Armour
  1569 | D:3      | Reached skill level 1 in Shields
  1569 | D:3      | Reached skill level 1 in Unarmed Combat
  1569 | D:3      | Reached skill level 1 in Evocations
  1610 | D:3      | Reached XP level 4. HP: 32/32 MP: 6/11
  1613 | D:3      | Reached skill level 1 in Conjurations
  1613 | D:3      | Reached skill level 1 in Hexes
  1613 | D:3      | Reached skill level 1 in Summonings
  1613 | D:3      | Reached skill level 1 in Necromancy
  1613 | D:3      | Reached skill level 1 in Translocations
  1613 | D:3      | Reached skill level 1 in Transmutations
  1613 | D:3      | Reached skill level 1 in Fire Magic
  1613 | D:3      | Reached skill level 1 in Air Magic
  1613 | D:3      | Reached skill level 1 in Earth Magic
  1613 | D:3      | Reached skill level 1 in Poison Magic
  1618 | D:3      | Reached *** piety under Jiyva
  1631 | D:3      | Learned a level 4 spell: Summon Ice Beast
  1796 | D:3      | Gained mutation: You have acidic saliva. [Jiyva's grace]
  1796 | D:3      | Gained mutation: You are partially covered in large bone
                  | plates. (SH +4) [Jiyva's grace]
  1796 | D:3      | Gained mutation: You are mostly covered in large bone
                  | plates. (SH +6) [Jiyva's grace]
  1796 | D:3      | Gained mutation: You are completely covered in large bone
                  | plates. (SH +8) [Jiyva's grace]
  1937 | D:4      | Noticed a kobold brigand
  1947 | D:4      | Killed a kobold brigand
  1948 | D:4      | Reached XP level 5. HP: 36/37 MP: 12/12
  1988 | D:4      | Noticed a phantom
  2008 | D:4      | Killed a phantom
  2009 | D:4      | Reached XP level 6. HP: 44/44 MP: 14/14
  2052 | D:4      | Reached skill level 5 in Dodging
  2135 | D:4      | Reached **** piety under Jiyva
  2359 | D:5      | Entered Level 5 of the Dungeon
  2537 | D:5      | Reached XP level 7. HP: 50/50 MP: 15/15
  2677 | D:5      | Reached skill level 5 in Stealth
  2892 | D:5      | Reached ***** piety under Jiyva
  3180 | D:6      | Found a hazy altar of Hepliaklqana.
  3189 | D:6      | Found an iron altar of Okawaru.
  3230 | D:6      | Noticed Eustachio
  3237 | D:6      | Killed Eustachio
  3238 | D:6      | Reached XP level 8. HP: 57/58 MP: 16/16
  3285 | D:6      | Gained mutation: You have large cloven feet. [Jiyva's
                  | grace]
  3285 | D:6      | Gained mutation: You have hoof-like feet. [Jiyva's grace]
  3285 | D:6      | Gained mutation: You have hooves in place of feet. [Jiyva's
                  | grace]
  3285 | D:6      | Gained mutation: Armour fits poorly on your pseudopods.
                  | [Jiyva's grace]
  3880 | D:7      | Reached XP level 9. HP: 50/65 MP: 18/18
  4046 | D:7      | Found a staircase to the Ecumenical Temple.
  4064 | D:7      | Noticed Menkaure
  4073 | D:7      | Killed Menkaure
  4074 | D:7      | Reached skill level 8 in Ice Magic
  4257 | D:8      | Identified the +5 ring mail "Unoces" {Int+2}
  4390 | D:8      | Noticed a two-headed ogre
  4395 | D:8      | Killed a two-headed ogre
  4396 | D:8      | Reached skill level 5 in Invocations
  4398 | D:8      | Found a flagged portal.
  4416 | Bailey   | Entered a bailey
  4501 | Bailey   | Found a bloodstained altar of Trog.
  4749 | D:8      | Reached skill level 5 in Fighting
  4749 | D:8      | Reached skill level 5 in Short Blades
  4749 | D:8      | Reached skill level 5 in Long Blades
  4749 | D:8      | Reached skill level 5 in Axes
  4749 | D:8      | Reached skill level 5 in Maces & Flails
  4749 | D:8      | Reached skill level 5 in Polearms
  4749 | D:8      | Reached skill level 5 in Staves
  4749 | D:8      | Reached skill level 5 in Ranged Weapons
  4749 | D:8      | Reached skill level 5 in Throwing
  4749 | D:8      | Reached skill level 5 in Armour
  4749 | D:8      | Reached skill level 5 in Shields
  4749 | D:8      | Reached skill level 5 in Unarmed Combat
  4749 | D:8      | Reached skill level 5 in Evocations
  4749 | D:8      | Reached XP level 10. HP: 74/74 MP: 20/20
  5221 | D:9      | Lost mutation: You have hooves in place of feet. [Jiyva's
                  | grace]
  5221 | D:9      | Lost mutation: You have hoof-like feet. [Jiyva's grace]
  5221 | D:9      | Lost mutation: You are completely covered in large bone
                  | plates. (SH +8) [Jiyva's grace]
  5221 | D:9      | Lost mutation: You have large cloven feet. [Jiyva's grace]
  5221 | D:9      | Gained mutation: You have sharp toenails. [Jiyva's grace]
  5221 | D:9      | Gained mutation: You have razor-sharp toenails. [Jiyva's
                  | grace]
  5221 | D:9      | Gained mutation: You have claws for feet. [Jiyva's grace]
  5221 | D:9      | Gained mutation: Your muscles are strong. (Str +4, Int/Dex
                  | -1) [Jiyva's grace]
  5236 | D:9      | Noticed Joseph
  5251 | D:9      | Identified the +1 spear "Rufrahoc" {flame, rPois}
  5268 | D:9      | HP: 2/74 [Joseph/sling bullet (18)]
  5271 | D:9      | Killed Joseph
  5289 | D:9      | Found a white marble altar of Elyvilon.
  5289 | D:9      | Found a sparkling altar of Nemelex Xobeh.
  5290 | D:9      | Found a stormy altar of Qazlal.
  5348 | D:9      | Reached ****** piety under Jiyva
  5815 | D:10     | Entered Level 10 of the Dungeon
  5818 | D:10     | Identified the +1 robe of the Distant Future {Dex+3}
  6126 | D:10     | Identified the ring "Dupnicro" {rN+ rCorr Int-5 Slay+4}
  6556 | D:10     | Reached skill level 5 in Conjurations
  6556 | D:10     | Reached skill level 5 in Hexes
  6556 | D:10     | Reached skill level 5 in Summonings
  6556 | D:10     | Reached skill level 5 in Necromancy
  6556 | D:10     | Reached skill level 5 in Translocations
  6556 | D:10     | Reached skill level 5 in Transmutations
  6556 | D:10     | Reached skill level 5 in Fire Magic
  6556 | D:10     | Reached skill level 5 in Air Magic
  6556 | D:10     | Reached skill level 5 in Earth Magic
  6556 | D:10     | Reached skill level 5 in Poison Magic
  6561 | D:10     | Reached XP level 11. HP: 73/81 MP: 22/22
  6878 | D:11     | Found a staircase to the Lair.
  6935 | D:11     | Found a frozen archway.
  6962 | IceCv    | Entered an ice cave
  6967 | IceCv    | Learned a level 3 spell: Summon Guardian Golem
  7025 | IceCv    | Reached skill level 9 in Ice Magic
  7039 | IceCv    | Engulfed by an ice statue's freezing vapour

Illustrated notes

Levels and vault maps discovered:
D:1:      minmay_arrival_cross, layout_loops_corners,
          shapermc_ecumenical_altar_acropolis
D:2:      layout_loops_ring
D:3:      layout_rooms, nicolae_grassy_gnolls
D:4:      layout_cave_pools
D:5:      layout_loops_corners
D:6:      layout_basic, mainiacjoe_overflow_catwalk_spiral, uniq_eustachio
D:7:      layout_rooms, temple_doors_e, serial_park_tiny_2, uniq_menkaure
D:8:      layout_loops_ring, enter_bailey_2
D:9:      layout_cave_pools, gammafunk_temple_overflow_forgotten, uniq_joseph
D:10:     layout_basic, minivault_1, minmay_nine_imps
D:11:     layout_rooms, due_lair_maze_entry_diamond,
          portal_ice_cave_demonic_guard, ebering_ghost_rock_garden,
          gauntlet_entry_generic
IceCv:    ice_cave_small_dragons

Skill      XL: |  1  2  3  4  5  6  7  8  9 10 11 |
---------------+----------------------------------+-----
Spellcasting   | 5 6 7 8 |  8.2
Invocations    | 1 2 3 4 5 6 7 |  7.0
Fighting       | 1 2 3 5 6 |  6.3
Short Blades   | 1 2 3 5 6 |  6.3
Long Blades    | 1 2 3 5 6 |  6.3
Axes           | 1 2 3 5 6 |  6.3
Maces & Flails | 1 2 3 5 6 |  6.3
Polearms       | 1 2 3 5 6 |  6.3
Staves         | 1 2 3 5 6 |  6.3
Ranged Weapons | 1 2 3 5 6 |  6.3
Throwing       | 1 2 3 5 6 |  6.3
Armour         | 1 2 3 5 6 |  6.3
Shields        | 1 2 3 5 6 |  6.3
Unarmed Combat | 1 2 3 5 6 |  6.3
Evocations     | 1 2 3 5 6 |  6.3
Conjurations   | 1 2 3 4 5 |  5.2
Hexes          | 1 2 3 4 5 |  5.2
Summonings     | 1 2 3 4 5 |  5.2
Necromancy     | 1 2 3 4 5 |  5.2
Translocations | 1 2 3 4 5 |  5.2
Transmutations | 1 2 3 4 5 |  5.2
Fire Magic     | 1 2 3 4 5 |  5.2
Air Magic      | 1 2 3 4 5 |  5.2
Earth Magic    | 1 2 3 4 5 |  5.2
Poison Magic   | 1 2 3 4 5 |  5.2
Dodging        | 5 6 7 |  7.9
Stealth        | 5 6 7 |  7.7
Ice Magic      | 8 9 |  9.0

Action                     |  1- 3 |  4- 6 |  7- 9 | 10-12 || total
---------------------------+-------+-------+-------+-------++-------
  Melee: Dagger            |    22 |    23 |   132 |   118 ||   295
         Bite              |     1 |     5 |    14 |    21 ||    41
         Whip              |       |    60 |       |       ||    60
         Kick              |       |       |    25 |    60 ||    85
         Pseudopods        |       |       |    24 |    42 ||    66
         Spear             |       |       |       |    71 ||    71
         Long sword        |       |       |       |    16 ||    16
  Throw: Stone             |     5 |       |    13 |    20 ||    38
         Dart              |       |       |     8 |     7 ||    15
   Cast: Freeze            |    19 |    15 |    25 |       ||    59
         Frozen Ramparts   |     6 |     6 |    13 |    14 ||    39
         Ozocubu's Armour  |     3 |     5 |    12 |    13 ||    33
         Summon Ice Beast  |       |       |     3 |     2 ||     5
         Summon Guardian G |       |       |       |     3 ||     3
 Invoke: Oozemancy         |       |       |     2 |       ||     2
    Use: Scroll            |     4 |     3 |     3 |       ||    10
         Potion            |       |       |       |     2 ||     2
   Stab: Sleeping          |     4 |     2 |     4 |     2 ||    12
         Distracted        |       |     2 |       |       ||     2
 Armour: Robe              |     3 |    18 |    19 |       ||    40
         Ring mail         |       |       |     6 |    73 ||    79
  Dodge: Dodged            |    16 |    28 |    68 |    85 ||   197
  Block: Buckler           |       |    38 |   113 |   121 ||   272

Table legend: (Time is in decaauts)
 A = Elapsed time spent in this place.
 B = Non-inter-level travel time spent in this place.
 C = Inter-level travel time spent in this place.
 D = Time resting spent in this place.
 E = Time spent auto-exploring this place.
 F = Levels seen in this place.
 G = Mean time per level.
                   A        B        C        D        E       F      G
               +--------+--------+--------+--------+--------+-----+--------+
         Total |   6998 |   6554 |    444 |     25 |   4348 |  13 |  538.3 |
       Dungeon |   6762 |   6318 |    444 |     10 |   4305 |  11 |  614.7 |
        Bailey |    162 |    162 |      0 |      0 |     42 |   1 |  162.0 |
      Ice Cave |     73 |     73 |      0 |     15 |      0 |   1 |   73.0 |
               +--------+--------+--------+--------+--------+-----+--------+

Top non-repeatable levels by time:
    D:10: 944 daAuts
     D:1: 916 daAuts
     D:5: 808 daAuts
     D:8: 752 daAuts
     D:9: 678 daAuts
     D:6: 625 daAuts
     D:2: 605 daAuts
     D:4: 424 daAuts
     D:3: 416 daAuts
     D:7: 416 daAuts
    D:11: 173 daAuts
  Bailey: 162 daAuts
   IceCv: 73 daAuts

Table legend:
 A = Kills in this place as a percentage of kills in the entire game.
 B = Kills by you in this place as a percentage of kills by you in the entire game.
 C = Kills by friends in this place as a percentage of kills by friends in the entire game.
 D = Other kills in this place as a percentage of other kills in the entire game.
 E = Experience gained in this place as a percentage of experience gained in the entire game.
 F = Experience gained in this place divided by the number of levels of this place that you have seen.
                   A       B       C       D       E      F
               +-------+-------+-------+-------+-------+----------------------
         Total | 100.0 | 100.0 | 100.0 | 100.0 | 100.0 | 897.6
       Dungeon |  87.9 |  89.8 |  93.8 |  16.7 |  89.4 | 948.5
        Bailey |   8.5 |   9.0 |   0.0 |  16.7 |   5.4 | 625.0
      Ice Cave |   3.5 |   1.1 |   6.2 |  66.7 |   5.2 | 610.0
               +-------+-------+-------+-------+-------+----------------------

Levels and vault maps discovered:
D:1:      minmay_arrival_cross, layout_loops_corners,
          shapermc_ecumenical_altar_acropolis
D:2:      layout_loops_ring
D:3:      layout_rooms, nicolae_grassy_gnolls
D:4:      layout_cave_pools
D:5:      layout_loops_corners
D:6:      layout_basic, mainiacjoe_overflow_catwalk_spiral, uniq_eustachio
D:7:      layout_rooms, temple_doors_e, serial_park_tiny_2, uniq_menkaure
D:8:      layout_loops_ring, enter_bailey_2
D:9:      layout_cave_pools, gammafunk_temple_overflow_forgotten, uniq_joseph
D:10:     layout_basic, minivault_1, minmay_nine_imps
D:11:     layout_rooms, due_lair_maze_entry_diamond,
          portal_ice_cave_demonic_guard, ebering_ghost_rock_garden,
          gauntlet_entry_generic
IceCv:    ice_cave_small_dragons
